 Dungeon Crawl Stone Soup version 0.15.0-12-gccce430 (webtiles) character file.

83 Kashira the Sneak (level 4, -14/38 HPs)
             Began as a Naga Enchanter on Sept 1, 2014.
             Demolished by an orc warrior
             ... wielding a +0 long sword
              (18 damage)
             ... on Level 3 of the Dungeon.
             The game lasted 00:08:51 (2312 turns).

Kashira the Sneak (Naga Enchanter)                  Turns: 2312, Time: 00:08:51

HP -14/38        AC  4     Str 10      XL: 4   Next: 44%
MP   6/8         EV 10     Int 15      God:
Gold 126         SH  0     Dex 13      Spells:  2 memorised,  3 levels left

rFire  . . .     SeeInvis +     p - +0 falchion
rCold  . . .     Clarity  .     b - +1 robe
rNeg   . . .     rCorr    .     (no shield)
rPois  +         rRot     .     (no helmet)
rElec  .         Spirit   .     h - +0 cloak
SustAb .         Warding  .     (no gloves)
rMut   .         Stasis   .     (no barding)
Gourm  .                        (no amulet)
MR     .....                    (no ring)
                                i - ring of teleport control

@: very slow, not resistant to hostile enchantments, fairly stealthy
A: spit poison, see invisible, deformed body, poison resistance, slowness 2, AC
+1
a: Spit Poison, Evoke Teleport Control


You were on level 3 of the Dungeon.
You were not hungry.

You visited 1 branch of the dungeon, and saw 3 of its levels.

You collected 126 gold pieces.

Inventory:

Hand weapons
 a - a +1 dagger
 p - a +0 falchion (weapon)
Armour
 b - a +1 robe (worn)
 h - a +0 cloak (worn)
Comestibles
 d - 3 bread rations
 k - a meat ration
 m - a royal jelly
Scrolls
 e - 4 scrolls of identify {unknown}
 j - 2 scrolls of remove curse {unknown}
 o - 2 scrolls of teleportation {unknown}
 r - a scroll of blinking {unknown}
 s - a scroll of fog
 u - a scroll of enchant weapon {unknown}
Jewellery
 i - a ring of teleport control (left hand)
Potions
 f - 2 potions of haste {unknown}
 g - 2 potions of heal wounds {unknown}
 l - a potion of curing {unknown}
 n - a potion of invisibility {unknown}
 t - a potion of poison {unknown}
Books
 c - a book of Maledictions

   Spells                             Type                      Level
   *Corona                            Hexes                        1
   Sure Blade                         Hexes/Charms                 2
   Ensorcelled Hibernation            Hexes/Ice                    2
   Confuse                            Hexes                        3
   *Dazzling Spray                    Conjuration/Hexes            3
   Enslavement                        Hexes                        4
Magical staves
 q - an uncursed staff of wizardry


   Skills:
 + Level 1.2 Fighting
 + Level 1.3 Short Blades
 + Level 2.3 Dodging
 - Level 4.4 Stealth
 + Level 2.3 Spellcasting
 + Level 3.9 Hexes


You had 3 spell levels left.
You knew the following spells:

 Your Spells              Type           Power        Failure   Level  Hunger
a - Corona                Hex            ##.....      4%          1    #......
b - Dazzling Spray        Conj/Hex       #.......     30%         3    ####...


Dungeon Overview and Level Annotations

Branches:
Dungeon (3/15)

Altars:


Innate Abilities, Weirdness & Mutations

You cannot wear boots.
You can spit poison.
Your serpentine skin is tough (AC +1).
You have supernaturally acute eyesight.
Armour fits poorly on your strangely shaped body.
Your system is resistant to poisons.
You cover ground very slowly.


Message History

Aiming: Dazzling Spray
Press: ? - help, Shift-Dir - straight line, f/p - orc warrior
Aim: an orc warrior, wielding a long sword and wearing a chain mail (lightly wounded)
The spray of energy hits the orc warrior.
The orc warrior is moderately wounded.
The orc warrior is dazzled.
The orc warrior hits you with a long sword.
* * * LOW HITPOINT WARNING * * *
The orc warrior is no longer blind.
The orc warrior barely misses you.
The orc priest shouts!
The orc warrior hits you with a long sword!
* * * LOW HITPOINT WARNING * * *
The orc warrior barely misses you.
Read which item? (? for menu, Esc to quit)
As you read the scroll labeled UXKURUG UNUCH, it crumbles to dust.
The scroll dissolves into smoke.
It was a scroll of fog.
The orc warrior hits you but does no damage.
You see here 19 stones.
The orc warrior hits you with a long sword!!
You die...

#.# #.########
#.####o# #.§§...#
##§§#### #§§#
###§§###
########.§§§o§#
#........#§§#o#
#.########§§#@#
#..#.#
####..#.######
#............#
#.#.#.#.####.####
#.#.#..........<#
#.#.#...####.##.#
#.#........%..#.#
#.###...####..#.#


You could see an orc warrior and an orc.

Vanquished Creatures
  An orc wizard (D:3)
  2 worms (D:2)
  3 giant geckos
  2 orcs (D:3)
  4 giant cockroaches
  7 goblins
  5 hobgoblins
  4 kobolds (D:1)
  A quokka (D:2)
  A ball python (D:3)
  5 bats
  2 giant newts (D:1)
  4 rats
41 creatures vanquished.

Notes
Turn   | Place    | Note
--------------------------------------------------------------
     0 | D:1      | Kashira, the Naga Enchanter, began the quest for the Orb.
     0 | D:1      | Reached XP level 1. HP: 15/15 MP: 3/3
   260 | D:1      | Reached XP level 2. HP: 1/22 MP: 2/4
   884 | D:1      | Reached XP level 3. HP: 16/28 MP: 6/6
   889 | D:1      | Learned a level 3 spell: Dazzling Spray
  2029 | D:3      | Reached XP level 4. HP: 37/37 MP: 8/8
  2040 | D:3      | Reached skill level 1 in Fighting
  2281 | D:3      | Noticed an orc warrior
  2312 | D:3      | Demolished by an orc warrior

Action                   |  1- 3 |  4- 6 || total
-------------------------+-------+-------++-------
Melee: Dagger            |    35 |       ||    35
       Falchion          |    23 |    10 ||    33
 Cast: Corona            |     5 |       ||     5
       Dazzling Spray    |     4 |     1 ||     5
 Abil: Spit Poison       |    55 |     5 ||    60
  Use: Scroll            |       |     1 ||     1
 Stab: Sleeping          |     1 |       ||     1
  Eat: Chunk             |     5 |       ||     5
       Meat ration       |     1 |       ||     1
